PINL
MAGIC VALLEY MAGICIANS @ GREAT FALLS VOYAGERS
08/08/1976
 
TOP OF THE 1ST
Magic Valley Magicians batting - Pitching for Great Falls Voyagers : RHP Tony Millan
Pitching: RHP Tony Millan
Batting: RHB Talmadge Tanks 0-0: Ball
1-0: Ball
2-0: Ball
3-0: Called Strike
3-1: Fly out, F8 (Flyball, 89S)
Batting: RHB Ryan Lancey 0-0: Called Strike
0-1: Called Strike
0-2: Fly out, F7 (Flyball, 7S)
Batting: LHB Freddie Tisdale 0-0: Foul Ball, location: 2F
0-1: Foul Ball, location: 2F
0-2: Ball
1-2: Strikes out swinging
Top of the 1st over - 0 runs, 0 hits, 0 errors, 0 left on base; Magic Valley 0 - Great Falls 0
BOTTOM OF THE 1ST
Great Falls Voyagers batting - Pitching for Magic Valley Magicians : RHP Bob James
Pitching: RHP Bob James
Batting: LHB Barrett Allison 0-0: Called Strike
0-1: Swinging Strike
0-2: Ball
1-2: Foul Ball, location: 2F
1-2: Strikes out swinging
Batting: RHB Stephen Merkley 0-0: Foul Ball, location: 2F
0-1: Reached on error, E5 (Groundball, 5)
Batting: RHB John Lonchar 0-0: Ball
1-0: Foul Ball, location: 2F
1-1: Ball
2-1: Foul Ball, location: 2F
2-2: Ball
3-2: Foul Ball, location: 2F
3-2: Ground out 5-3 (Groundball, 5)
Stephen Merkley to second
Batting: RHB Mike Bacon 0-0: Ground out 6-3 (Groundball, 6)
Bottom of the 1st over - 0 runs, 0 hits, 1 error, 1 left on base; Magic Valley 0 - Great Falls 0
TOP OF THE 2ND
Magic Valley Magicians batting - Pitching for Great Falls Voyagers : RHP Tony Millan
Batting: RHB Martinho Remdio 0-0: Swinging Strike
0-1: Called Strike
0-2: Ball
1-2: Ball
2-2: Ball
3-2: Foul Ball, location: 2F
3-2: Ground out 6-3 (Groundball, 6)
Batting: RHB Steven Gerlecz 0-0: Fly out, F9 (Flyball, 89D)
Batting: RHB Lanny Phillips 0-0: Ball
1-0: Foul Ball, location: 2F
1-1: Reached on error, E4 (Groundball, 4)
Batting: RHB Gary Raco 0-0: Ball
1-0: Called Strike
1-1: Fly out, F9 (Line Drive, 9D)
Top of the 2nd over - 0 runs, 0 hits, 1 error, 1 left on base; Magic Valley 0 - Great Falls 0
BOTTOM OF THE 2ND
Great Falls Voyagers batting - Pitching for Magic Valley Magicians : RHP Bob James
Batting: RHB David Baker 0-0: Called Strike
0-1: Swinging Strike
0-2: Strikes out looking
Batting: SHB Danny Belliard 0-0: Called Strike
0-1: Ground out 4-3 (Groundball, 4)
Batting: RHB Jacky Parish 0-0: Foul Ball, location: 2F
0-1: Ground out 5-3 (Groundball, 5)
Bottom of the 2nd over - 0 runs, 0 hits, 0 errors, 0 left on base; Magic Valley 0 - Great Falls 0
TOP OF THE 3RD
Magic Valley Magicians batting - Pitching for Great Falls Voyagers : RHP Tony Millan
Batting: RHB Michael Stone 0-0: Called Strike
0-1: Ball
1-1: Ball
2-1: Called Strike
2-2: Ball
3-2: SINGLE (Groundball, 6D)
Batting: RHB Jeffrey Cronk 0-0: Ball
1-0: Ball
2-0: Called Strike
2-1: Swinging Strike
2-2: SINGLE (Line Drive, 89S)
Michael Stone to second
Batting: RHB Talmadge Tanks 0-0: Foul Ball, location: 2F
0-1: Fly out, F7 (Flyball, 78M)
Batting: RHB Ryan Lancey 0-0: Ball
1-0: Ball
2-0: Foul Ball, location: 2F
2-1: Called Strike
2-2: SINGLE (Line Drive, 8RM)
Michael Stone to third
Jeffrey Cronk to second
Batting: LHB Freddie Tisdale 0-0: Ball
1-0: Foul Ball, location: 2F
1-1: Fly out, F7 (Flyball, 78M)
Batting: RHB Martinho Remdio 0-0: Ground out 2-3 (Groundball, 15S)
Top of the 3rd over - 0 runs, 3 hits, 0 errors, 3 left on base; Magic Valley 0 - Great Falls 0
BOTTOM OF THE 3RD
Great Falls Voyagers batting - Pitching for Magic Valley Magicians : RHP Bob James
Batting: RHB Joseph Gonzalez 0-0: Called Strike
0-1: Swinging Strike
0-2: Ball
1-2: Ball
2-2: Strikes out swinging
Batting: RHB Wayne Eckert 0-0: Ball
1-0: Called Strike
1-1: Foul Ball, location: 2F
1-2: Foul Ball, location: 2F
1-2: Ball
2-2: Strikes out swinging
Batting: LHB Barrett Allison 0-0: Ball
1-0: Called Strike
1-1: Called Strike
1-2: Ground out 4-3 (Groundball, 4)
Bottom of the 3rd over - 0 runs, 0 hits, 0 errors, 0 left on base; Magic Valley 0 - Great Falls 0
TOP OF THE 4TH
Magic Valley Magicians batting - Pitching for Great Falls Voyagers : RHP Tony Millan
Batting: RHB Steven Gerlecz 0-0: Called Strike
0-1: Ball
1-1: Ball
2-1: Ball
3-1: Foul Ball, location: 2F
3-2: Base on Balls
Batting: RHB Lanny Phillips 0-0: Called Strike
0-1: Called Strike
0-2: Foul Ball, location: 2F
0-2: Ball
1-2: Ball
2-2: Strikes out looking
Batting: RHB Gary Raco 0-0: Ball
1-0: Ball
2-0: DOUBLE (Line Drive, 78M)
Steven Gerlecz to third
Batting: RHB Michael Stone 0-0: Called Strike
0-1: Swinging Strike
0-2: Ball
1-2: Strikes out swinging
Batting: RHB Jeffrey Cronk 0-0: Ball
1-0: Foul Ball, location: 2F
1-1: Called Strike
1-2: Ground out 4-3 (Groundball, 4)
Top of the 4th over - 0 runs, 1 hit, 0 errors, 2 left on base; Magic Valley 0 - Great Falls 0
BOTTOM OF THE 4TH
Great Falls Voyagers batting - Pitching for Magic Valley Magicians : RHP Bob James
Batting: RHB Stephen Merkley 0-0: Foul Ball, location: 2F
0-1: Ball
1-1: Foul Ball, location: 2F
1-2: Ball
2-2: Ball
3-2: Base on Balls
Batting: RHB John Lonchar 0-0: Ball
1-0: Ball
Stephen Merkley steals 2nd, throwing error, E2
Stephen Merkley to third
2-0: Called Strike
2-1: DOUBLE (Line Drive, 89D)
Stephen Merkley scores
Batting: RHB Mike Bacon 0-0: Called Strike
0-1: Swinging Strike
0-2: Foul Ball, location: 2F
0-2: Foul Ball, location: 2F
0-2: Ball
1-2: Ball
2-2: Fly out, F7 (Line Drive, 7)
Batting: RHB David Baker 0-0: Fly out, F3 (Popup, 34S)
Batting: SHB Danny Belliard 0-0: SINGLE (Line Drive, 34D)
John Lonchar to third
Runner from 3rd tries for Home, SAFE, no throw by RF
Batting: RHB Jacky Parish 0-0: Ball
1-0: Ball
2-0: Called Strike
2-1: Called Strike
2-2: SINGLE (Line Drive, 7S)
Danny Belliard to second
Batting: RHB Joseph Gonzalez 0-0: Ball
1-0: Called Strike
1-1: Fielders Choice at 2nd, 6-4 (Groundball, 56)
Bottom of the 4th over - 2 runs, 3 hits, 1 error, 2 left on base; Magic Valley 0 - Great Falls 2
TOP OF THE 5TH
Magic Valley Magicians batting - Pitching for Great Falls Voyagers : RHP Tony Millan
Batting: RHB Talmadge Tanks 0-0: SINGLE (Line Drive, 89M)
Batting: RHB Ryan Lancey 0-0: Ball
1-0: SINGLE (Groundball, 34D)
Talmadge Tanks to second
Runner from 2nd tries for 3rd, SAFE, throw by RF made to third
Batting: LHB Freddie Tisdale 0-0: Called Strike
0-1: Swinging Strike
0-2: Ground out 4-3 (Groundball, 34D)
Talmadge Tanks scores
Ryan Lancey to second
Batting: RHB Martinho Remdio 0-0: Fly out, F8 (Flyball, 8RS)
Batting: RHB Steven Gerlecz 0-0: Foul Ball, location: 2F
0-1: Called Strike
0-2: Foul Ball, location: 2F
0-2: Ground out 5-3 (Groundball, 5)
Top of the 5th over - 1 run, 2 hits, 0 errors, 1 left on base; Magic Valley 1 - Great Falls 2
BOTTOM OF THE 5TH
Great Falls Voyagers batting - Pitching for Magic Valley Magicians : RHP Bob James
Batting: RHB Wayne Eckert 0-0: Called Strike
0-1: Foul Ball, location: 2F
0-2: Ball
1-2: Strikes out looking
Batting: LHB Barrett Allison 0-0: Ball
1-0: Called Strike
1-1: Foul Ball, location: 2F
1-2: Strikes out looking
Batting: RHB Stephen Merkley 0-0: Foul Ball, location: 2F
0-1: Swinging Strike
0-2: Ball
1-2: Foul Ball, location: 2F
1-2: Ball
2-2: Strikes out swinging
Bottom of the 5th over - 0 runs, 0 hits, 0 errors, 0 left on base; Magic Valley 1 - Great Falls 2
TOP OF THE 6TH
Magic Valley Magicians batting - Pitching for Great Falls Voyagers : RHP Tony Millan
Batting: RHB Lanny Phillips 0-0: Called Strike
0-1: Ball
1-1: Foul Ball, location: 2F
1-2: DOUBLE (Line Drive, 89XD)
Batting: RHB Gary Raco 0-0: Ground out 6-3 (Groundball, 6)
Batting: RHB Michael Stone 0-0: Ground out 6-3 (Groundball, 6)
Batting: RHB Jeffrey Cronk 0-0: Fly out, F7 (Flyball, 7LSF)
Top of the 6th over - 0 runs, 1 hit, 0 errors, 1 left on base; Magic Valley 1 - Great Falls 2
BOTTOM OF THE 6TH
Great Falls Voyagers batting - Pitching for Magic Valley Magicians : RHP Bob James
Batting: RHB John Lonchar 0-0: SINGLE (Line Drive, 78M)
Batting: RHB Mike Bacon 0-0: Grounds into double play, 5-4-3 (Groundball, 56)
Batting: RHB David Baker 0-0: Fly out, F7 (Flyball, 7S)
Bottom of the 6th over - 0 runs, 1 hit, 0 errors, 0 left on base; Magic Valley 1 - Great Falls 2
TOP OF THE 7TH
Magic Valley Magicians batting - Pitching for Great Falls Voyagers : RHP Tony Millan
Batting: RHB Talmadge Tanks 0-0: Ball
1-0: Ball
2-0: Ball
3-0: Base on Balls
Pitching: LHP Tim Costello
Batting: RHB Ryan Lancey 0-0: Bunted foul
0-1: Bunted foul
0-2: Ball
1-2: Strikes out looking
Batting: LHB Freddie Tisdale 0-0: Ball
1-0: Called Strike
1-1: Swinging Strike
1-2: Ball
2-2: Foul Ball, location: 2F
Pickoff Throw to First - Out! 1-3
2-2: Strikes out looking
Top of the 7th over - 0 runs, 0 hits, 0 errors, 0 left on base; Magic Valley 1 - Great Falls 2
BOTTOM OF THE 7TH
Great Falls Voyagers batting - Pitching for Magic Valley Magicians : RHP Bob James
Batting: SHB Danny Belliard 0-0: Called Strike
0-1: Foul Ball, location: 2F
0-2: Ground out 4-3 (Groundball, 4)
Batting: RHB Jacky Parish 0-0: Ball
1-0: Ball
2-0: Called Strike
2-1: Ball
3-1: Base on Balls
Pitching: RHP Joe Kuhl
Batting: RHB Joseph Gonzalez 0-0: Ball
1-0: Called Strike
1-1: Swinging Strike
1-2: Strikes out swinging
Batting: RHB Wayne Eckert 0-0: Ball
1-0: Called Strike
1-1: Called Strike
Jacky Parish is caught stealing 2nd base 2-4
Bottom of the 7th over - 0 runs, 0 hits, 0 errors, 0 left on base; Magic Valley 1 - Great Falls 2
TOP OF THE 8TH
Magic Valley Magicians batting - Pitching for Great Falls Voyagers : LHP Tim Costello
Batting: RHB Martinho Remdio 0-0: Called Strike
0-1: Ball
1-1: Called Strike
1-2: Foul Ball, location: 2F
1-2: Foul Ball, location: 2F
1-2: Ball
2-2: Strikes out swinging
Batting: RHB Steven Gerlecz 0-0: Ball
1-0: Foul Ball, location: 2F
1-1: Foul Ball, location: 2F
1-2: Ball
2-2: Strikes out swinging
Batting: RHB Lanny Phillips 0-0: Single, Error in OF, E8, batter to second base (Line Drive, 8LS)
Pitching: RHP Mike Larkin
Batting: RHB Gary Raco 0-0: Called Strike
0-1: Ball
1-1: Foul Ball, location: 2F
1-2: TRIPLE (Line Drive, 8LXD)
Lanny Phillips scores
Batting: RHB Michael Stone 0-0: Swinging Strike
0-1: Ball
1-1: Called Strike
1-2: Ball
2-2: DOUBLE (Line Drive, 78XD)
Gary Raco scores
Batting: RHB Jeffrey Cronk 0-0: Swinging Strike
0-1: Ball
1-1: Foul Ball, location: 2F
1-2: Ball
2-2: Ground out 5-3 (Groundball, 56S)
Top of the 8th over - 2 runs, 3 hits, 1 error, 1 left on base; Magic Valley 3 - Great Falls 2
BOTTOM OF THE 8TH
Great Falls Voyagers batting - Pitching for Magic Valley Magicians : RHP Joe Kuhl
Batting: RHB Wayne Eckert 0-0: Ball
1-0: Called Strike
1-1: Fly out, F4 (Popup, 4MD)
Batting: LHB Barrett Allison 0-0: Ball
1-0: Called Strike
1-1: Foul Ball, location: 2F
1-2: Foul Ball, location: 2F
1-2: Fly out, F9 (Flyball, 9LSF)
Batting: RHB Stephen Merkley 0-0: Ball
1-0: Swinging Strike
1-1: Ball
2-1: Foul Ball, location: 2F
2-2: Ball
3-2: Base on Balls
Batting: RHB John Lonchar 0-0: Ball
1-0: Called Strike
1-1: Ball
2-1: Fielders Choice at 2nd, 6-4 (Groundball, 6)
Bottom of the 8th over - 0 runs, 0 hits, 0 errors, 1 left on base; Magic Valley 3 - Great Falls 2
TOP OF THE 9TH
Magic Valley Magicians batting - Pitching for Great Falls Voyagers : RHP Mike Larkin
Batting: RHB Talmadge Tanks 0-0: Ball
1-0: Foul Ball, location: 2F
1-1: Ball
2-1: Ground out 5-3 (Groundball, 56)
Batting: RHB Ryan Lancey 0-0: Foul Ball, location: 2F
0-1: Ball
1-1: Called Strike
1-2: SINGLE (Groundball, 6D)
Batting: LHB Freddie Tisdale 0-0: Ball
1-0: Ball
2-0: Called Strike
2-1: Foul Ball, location: 2F
2-2: Fielders Choice at 2nd, 4-6 (Groundball, 4)
Batting: RHB Martinho Remdio 0-0: DOUBLE (Flyball, 8LXD)
Freddie Tisdale to third
Runner from 3rd tries for Home, SAFE, no throw by CF
Batting: RHB Steven Gerlecz 0-0: Called Strike
0-1: Ball
1-1: Ground out 4-3 (Groundball, 34)
Top of the 9th over - 1 run, 2 hits, 0 errors, 1 left on base; Magic Valley 4 - Great Falls 2
BOTTOM OF THE 9TH
Great Falls Voyagers batting - Pitching for Magic Valley Magicians : RHP Joe Kuhl
Batting: RHB Mike Bacon 0-0: Ball
1-0: Ball
2-0: Fly out, F7 (Flyball, 78M)
Batting: RHB David Baker 0-0: Ground out 5-3 (Groundball, 56)
Batting: SHB Danny Belliard 0-0: Fly out, F7 (Flyball, 7S)
Bottom of the 9th over - 0 runs, 0 hits, 0 errors, 0 left on base; Magic Valley 4 - Great Falls 2
Thursday, January 24th, 2019 - OOTP Baseball 19.13 Build 132